AoeStats
← Barón de la Cerveza

Black Forest

505591646Analyzed
1v1 RM · 23d ago on Sep 10, 2026· 40m 20s· 2 players
Game mode
Random Map
Map size
Tiny (2 player)
Population
200
Speed
Normal
Resources
Standard
Victory
Conquest
Starting age
Dark Age
Ending age
Imperial Age
RankedLock teamsTeams togetherTeam positionsShared explorationLock speedFull tech treeHidden civsTurbo modeCheats
Victory
Defeat
🇺🇸 Magyars · United States
1929
+12
🇲🇽 Wu · Mexico
1845
-12
Barón de la Cerveza
1:03 Loom
10:10 Feudal Age
11:05 Man-at-Arms
20:41 Castle Age
18:51 Double-Bit Axe
18:51 Horse Collar
22:11 Town Watch
23:39 Bow Saw
25:51 Wheelbarrow
31:24 Imperial Age
28:57 Fletching
28:58 Fishing Lines
29:59 Gillnets
31:21 Bodkin Arrow
31:45 Pikeman
32:26 Squires
32:50 Hand Cart
33:51 Conscription
32:51 Elite Fire Archer
32:59 Halberdier
34:01 Scale Mail Armor
34:12 Forging
35:05 Chain Mail Armor
36:31 Iron Casting
37:12 Plate Mail Armor
37:01 Elite Skirmisher
37:45 Padded Archer Armor
38:17 Ballistics
38:31 Bracer
40:21 Chemistry
39:53 Leather Archer Armor
Mycroft
6:02 Loom
11:21 Feudal Age
15:01 Double-Bit Axe
17:34 Castle Age
15:54 Fishing Lines
18:34 Bow Saw
18:18 Gillnets
21:10 Town Watch
22:19 Horse Collar
25:21 Heavy Plow
25:59 Wheelbarrow
25:50 Gold Mining
27:18 Gold Shaft Mining
31:00 Imperial Age
28:34 Fletching
28:34 Treadmill Crane
29:07 Stone Mining
29:14 Bodkin Arrow
29:20 Padded Archer Armor
29:35 Bloodlines
29:26 Husbandry
30:19 Hand Cart
30:43 Thumb Ring
30:54 Leather Archer Armor
31:46 Bracer
32:47 Chemistry
31:29 Heavy Cavalry Archer
32:34 Siege Engineers
33:38 Recurve Bow
34:16 Scale Barding Armor
33:33 Light Cavalry
35:16 Parthian Tactics
35:13 Conscription
35:48 Chain Barding Armor
35:35 Corvinian Army
35:37 Hussar
37:19 Plate Barding Armor
37:17 Ring Archer Armor
38:52 Two-Man Saw
37:53 Heated Shot
38:24 Ballistics
38:15 Masonry
38:52 Elite Magyar Huszar
40:10 Hoardings
Connection lost

Rejoining the realm…

Still unreachable

The connection could not be restored.

Session expired

The server has moved on; the page needs a fresh start.